 Dungeon Crawl Stone Soup version 0.22-a0-412-g2b68d144a4 (webtiles) character file.

2185 Kriby the Grappler (level 9, -3/88 HPs)
             Began as a Troll Monk on May 12, 2018.
             Slain by a hornet (12 damage)
             ... while paralysed by a hornet
             ... on level 7 of the Dungeon.
             The game lasted 00:04:42 (5825 turns).

Kriby the Grappler (Troll Monk)                     Turns: 5825, Time: 00:04:42

Health: -3/88      AC:  7    Str: 24    XL:     9   Next: 11%
Magic:  8/8        EV:  1    Int:  6    God:
Gold:   211        SH:  0    Dex: 12    Spells: 8/8 levels left

rFire    . . .     SeeInvis .     - Unarmed
rCold    + . .     Gourm    +   (no shield)
rNeg     . . .     Faith    .   l - +0 robe
rPois    .         Spirit   .   k - +1 hat
rElec    .         Reflect  .   v - +0 cloak
rCorr    .         Harm     .   (gloves unavailable)
MR       .....                  (boots unavailable)
Stlth    ++........             w - amulet of the gourmand
HPRegen  0.64/turn              n - ring of protection from cold
MPRegen  0.11/turn              (no ring)

@: paralysed, slowed
A: large, unfitting armour, claws 3, fast metabolism 3, gourmand, regeneration
1, shaggy fur 1, tough skin 2
a: no special abilities


You were on level 7 of the Dungeon.
You were not hungry.

You visited 2 branches of the dungeon, and saw 8 of its levels.

You collected 211 gold pieces.

Inventory:

Missiles
 t - 4 javelins (quivered)
Armour
 a - a +0 robe
 k - a +1 hat (worn)
 l - a +0 robe (worn)
 v - a +0 cloak (worn)
Jewellery
 n - a ring of protection from cold (left claw)
 w - an amulet of the gourmand (around neck)
Wands
 m - a wand of flame (1)
 p - a wand of random effects (24)
 q - a wand of acid (6)
Scrolls
 c - 2 scrolls of enchant weapon {unknown}
 d - 4 scrolls of remove curse
 f - a scroll of blinking {unknown}
 g - 5 scrolls of identify {unknown}
 h - 7 scrolls of teleportation {unknown}
 i - a scroll of enchant armour {unknown}
 j - a scroll of fog {unknown}
 u - a scroll of amnesia {unknown}
 x - a scroll of random uselessness {unknown}
Potions
 e - a potion of curing
 o - 2 potions of flight {unknown}
 s - a potion of brilliance
 z - a potion of agility
Comestibles
 b - 11 rations


   Skills:
 + Level 5.5 Fighting
 + Level 5.6 Dodging
 - Level 1.0 Stealth
 * Level 9.1 Unarmed Combat


You had 8 spell levels left.
You didn't know any spells.
Your spell library was empty.

Dungeon Overview and Level Annotations

Branches:
Dungeon (7/15)             Temple (1/1) D:4

Altars:
Ashenzari
Cheibriados
Dithmenos
Elyvilon
Fedhas
Gozag
Kikubaaqudgha
Makhleb
Nemelex Xobeh
Okawaru
Ru
Sif Muna
Trog
Uskayaw
Vehumet
Xom
Zin
The Shining One
Lugonu


Innate Abilities, Weirdness & Mutations

You are too large for most types of armour.
You have claws for hands.
Your metabolism is lightning-fast.
You like to eat raw meat.
Your natural rate of healing is unusually fast.
You are covered in fur. (AC +1)
You have very tough skin. (AC +2)


Message History

The hornet is heavily wounded.
The bolt of acid hits the phantom.
The phantom is splashed with acid.
The acid corrodes the phantom!
The phantom is moderately damaged.
The hornet closely misses you. The hornet stings you!
* * * LOW HITPOINT WARNING * * *
You feel as though you will be slow longer.
The orc wizard barely misses you.
Evoke which item? (* to show all) (? for menu, Esc to quit)
Aiming: Corrosive Bolt
Press: ? - help, Shift-Dir - straight line, f/p - hornet
Aim: a hornet (heavily wounded)
The bolt of acid hits the hornet.
The hornet is splashed with acid.
The hornet is severely wounded.
The bolt of acid hits the phantom.
The phantom is splashed with acid.
The phantom is severely damaged.
The hornet stings you!
* * * LOW HITPOINT WARNING * * *
You suddenly lose the ability to move!
The hornet stings you!
You die...

........................
#....##+#...............
...........>####.....###
........#########....#..
........#.......#....'..
........#.≈...≈.#....#..
........#.......#....###
###....oyW.$$...#......#
#....@#.......#......#
#.....#.≈...≈.#......#
#.....#.......#......#
#.....#########......#
.......# #......#
#.......# #......#
#########


You could see a phantom, a hornet and an orc wizard.

Vanquished Creatures
  Grinder (D:5)
  Menkaure (D:6)
  Edmund (D:5)
  Purgy (D:4)
  2 sky beasts (D:5)
  2 ice beasts (D:6)
  2 phantoms
  Blork the orc (D:6)
  A wyvern zombie (D:6)
  7 crimson imps
  A bullfrog zombie (D:5)
  3 hounds (D:5)
  A centaur skeleton (D:4)
  A jelly (D:5)
  2 orc wizards (D:4)
  A gnoll shaman (D:6)
  An orc priest (D:6)
  Crazy Yiuf (D:5)
  A bullfrog skeleton (D:6)
  Ijyb (D:3)
  5 iguanas
  2 worker ants
  A hound skeleton (D:6)
  A worker ant zombie (D:5)
  4 adders
  3 gnolls
  2 shadow imps
  2 oozes
  An adder skeleton (D:5)
  2 worms
  2 leopard geckos
  8 orcs
  6 giant cockroaches
  5 hobgoblins
  4 jackals (D:1)
  2 quokkas
  2 ball pythons
  4 bats
  2 frilled lizards
  8 goblins
  11 kobolds
  8 rats
117 creatures vanquished.

Notes
Turn   | Place    | Note
-------+----------+-------------------------------------------
     0 | D:1      | Kriby the Troll Monk began the quest for the Orb.
     0 | D:1      | Reached XP level 1. HP: 22/22 MP: 0/0
   119 | D:1      | Reached XP level 2. HP: 28/29 MP: 1/1
   479 | D:2      | Reached XP level 3. HP: 26/36 MP: 2/2
   851 | D:2      | Found a bloodstained altar of Trog.
  1007 | D:2      | Reached skill level 4 in Unarmed Combat
  1598 | D:3      | Reached XP level 4. HP: 44/44 MP: 3/3
  1846 | D:3      | Found an ancient bone altar of Kikubaaqudgha.
  1879 | D:3      | Noticed Ijyb
  1890 | D:3      | Killed Ijyb
  2090 | D:3      | Found a radiant altar of Vehumet.
  2091 | D:3      | Found a burning altar of Makhleb.
  2096 | D:3      | Reached XP level 5. HP: 53/53 MP: 4/4
  2351 | D:4      | Noticed Purgy
  2365 | D:4      | Killed Purgy
  2365 | D:4      | Reached skill level 5 in Unarmed Combat
  2365 | D:4      | Reached XP level 6. HP: 48/61 MP: 5/5
  2366 | D:4      | Found a staircase to the Ecumenical Temple.
  3278 | D:4      | Found a shadowy altar of Dithmenos.
  3559 | Temple   | Entered the Ecumenical Temple
  3689 | D:5      | Entered Level 5 of the Dungeon
  3831 | D:5      | Noticed Edmund
  3832 | D:5      | Noticed Grinder
  3856 | D:5      | Killed Edmund
  3856 | D:5      | Reached skill level 6 in Unarmed Combat
  3856 | D:5      | Reached XP level 7. HP: 70/70 MP: 6/6
  3858 | D:5      | Paralysed by Grinder for 4 turns
  3862 | D:5      | Killed Grinder
  4032 | D:5      | Reached skill level 7 in Unarmed Combat
  4080 | D:5      | Found a hide-covered altar of Uskayaw.
  4113 | D:5      | Reached XP level 8. HP: 79/79 MP: 7/7
  4375 | D:5      | Found a runed door.
  4441 | D:5      | Noticed Crazy Yiuf
  4447 | D:5      | Killed Crazy Yiuf
  4485 | D:6      | Found a shimmering altar of Xom.
  4588 | D:5      | Reached skill level 8 in Unarmed Combat
  4627 | D:5      | Reached skill level 5 in Dodging
  4632 | D:5      | Reached skill level 5 in Fighting
  4802 | D:6      | Noticed Blork the orc
  4810 | D:6      | Killed Blork the orc
  5329 | D:6      | Reached XP level 9. HP: 85/88 MP: 8/8
  5337 | D:6      | Reached skill level 9 in Unarmed Combat
  5386 | D:6      | Noticed Menkaure
  5395 | D:6      | Killed Menkaure
  5817 | D:7      | Paralysed by a hornet for 2 turns
  5825 | D:7      | Paralysed by a hornet for 2 turns
  5825 | D:7      | Slain by a hornet

Vault maps used:
D:1:      dpeg_arrival_three_same_balls
D:2:      old_standard_altar, first_ration, kennysheep_cluttered_room,
          hangedman_glass_garden, minmay_pentomino_w2
D:3:      grunt_temple_overflow_lords_of_destruction, kiku_gazebo_pond_becter,
          uniq_ijyb
D:4:      grunt_dithmenos_shadows, minmay_temple_entry_large_hall, uniq_purgy
D:5:      eat_drink_and_be_merry_uskayaw, serial_park_tiny_pond, uniq_edmund,
          uniq_crazy_yiuf_cottage, uniq_grinder
D:6:      overflow_temple_1_default, corexii_checkpoint_a, uniq_blork_the_orc,
          uniq_menkaure
D:7:      minmay_flawed_box, kennysheep_small_square
Temple:   kb_corrupted_temple

Skill      XL: |  1  2  3  4  5  6  7  8  9 |
---------------+----------------------------+-----
Unarmed Combat | 4 5 6 7 8 9 |  9.1
Dodging        | 3 4 5 |  5.6
Fighting       | 3 4 5 |  5.5
Stealth        | |  1.0

Action                   |  1- 3 |  4- 6 |  7- 9 || total
-------------------------+-------+-------+-------++-------
Melee: Unarmed           |   123 |   106 |   169 ||   398
       Punch             |     1 |     1 |     5 ||     7
Evoke: Wand              |       |       |     6 ||     6
  Use: Potion            |       |     6 |     2 ||     8
       Scroll            |       |       |     1 ||     1
 Stab: Sleeping          |     1 |       |       ||     1
  Eat: Chunk             |    20 |    12 |    14 ||    46
       Ration            |       |       |     2 ||     2
Armor: Robe              |    54 |    36 |    54 ||   144
       Skin              |       |    10 |       ||    10
Dodge: Dodged            |    69 |    44 |   124 ||   237

Table legend:
 A = Spawn XP
 B = Non-spawn XP
 C = Spawn XP percentage of total XP
 D = Spawn monster count
 E = Non-spawn monster count
 F = Spawn count percentage of total count
 G = Total turns spent on level
                    A         B        C        D         E        F      G
               +---------+---------+-------+---------+---------+-------+---------
         Total |       0 |    3122 |   0.0 |       0 |     117 |   0.0 |  5825
               +---------+---------+-------+---------+---------+-------+---------
           D:1 |       0 |      35 |   0.0 |       0 |      22 |   0.0 |   411
           D:2 |       0 |      44 |   0.0 |       0 |      17 |   0.0 |   900
           D:3 |       0 |     128 |   0.0 |       0 |      17 |   0.0 |   839
           D:4 |       0 |     364 |   0.0 |       0 |      14 |   0.0 |  1437
           D:5 |       0 |    1367 |   0.0 |       0 |      22 |   0.0 |   844
           D:6 |       0 |    1151 |   0.0 |       0 |      23 |   0.0 |  1241
           D:7 |       0 |      33 |   0.0 |       0 |       2 |   0.0 |    51
               +---------+---------+-------+---------+---------+-------+---------
